 Dungeon Crawl Stone Soup version 0.23.2-40-g277498a001 (webtiles) character file.

Game seed: 17852027468334805340

339 H0rd4k the Cutter (level 6, -3/44 (46) HPs)
             Began as a Human Artificer on Aug 19, 2019.
             Slain by an ogre
             ... wielding a +0 giant club
              (18 damage)
             ... while paralysed by Grinder
             ... on level 5 of the Dungeon.
             The game lasted 00:06:53 (3053 turns).

H0rd4k the Cutter (Human Artificer)                 Turns: 3053, Time: 00:06:53

HP:   -3/44 (46)    AC:  6    Str: 13    XL:     6   Next: 86%
MP:   7/7           EV:  2    Int: 14    God:
Gold: 170           SH:  0    Dex: 14    Spells: 5/5 levels left

rFire    . . .     SeeInvis .   j - +2 dagger (freeze)
rCold    . . .     Gourm    .   (no shield)
rNeg     . . .     Faith    .   b - +0 leather armour
rPois    .         Spirit   .   m - +1 hat
rElec    .         Reflect  .   (no cloak)
rCorr    .         Harm     .   (no gloves)
MR       .....                  (no boots)
Stlth    ++........             k - amulet of magic regeneration
HPRegen  0.14/turn              (no ring)
MPRegen  0.35/turn              (no ring)

@: paralysed
A: horns 1, iridescent scales 1, clever 1, low mp 1
a: no special abilities


You were on level 5 of the Dungeon.
You were not hungry.

You visited 1 branch of the dungeon, and saw 5 of its levels.

You collected 170 gold pieces.

Inventory:

Hand Weapons
 a - a +0 short sword
 j - a +2 dagger of freezing (weapon)
Armour
 b - a +0 leather armour (worn)
 m - a +1 hat (worn)
 p - a +0 helmet
Jewellery
 k - an amulet of magic regeneration (around neck)
 t - an uncursed ring of positive energy
Wands
 c - a wand of flame (11)
 d - a wand of enslavement (13)
 e - a wand of random effects (14)
Scrolls
 h - a scroll of magic mapping
 i - a scroll of random uselessness {unknown}
 l - 2 scrolls of identify
 n - a scroll of enchant armour {unknown}
 r - 2 scrolls of remove curse {unknown}
 s - a scroll of immolation {unknown}
Potions
 o - 2 potions of haste
 q - 2 potions of berserk rage
 u - a potion of flight
 v - a potion of agility {unknown}
 w - a potion of experience {unknown}
 z - a potion of magic {unknown}
 A - a potion of heal wounds {unknown}
Comestibles
 f - 2 rations


   Skills:
 + Level 2.5 Fighting
 + Level 3.7 Short Blades
 + Level 2.7 Armour
 + Level 3.0 Dodging
 + Level 1.7 Stealth
 + Level 3.6 Evocations


You had 5 spell levels left.
You didn't know any spells.
Your spell library contained the following spells:

 Spells                   Type           Power        Failure   Level  Hunger
 Magic Dart               Conj           #...         36%         1    ##.....
 Blink                    Tloc           N/A          50%         2    ###....
 Call Imp                 Summ           #.......     50%         2    ###....
 Slow                     Hex            #.......     50%         2    ###....
 Conjure Flame            Conj/Fire      #.......     73%         3    ####...
 Mephitic Cloud           Conj/Pois/Air  #.......     73%         3    ####...


Dungeon Overview and Level Annotations

Branches:
Dungeon (5/15)
 Temple: D:4-7

Altars:
Elyvilon
Xom

Annotations:
D:4 Blork the orc
D:5 Grinder


Innate Abilities, Weirdness & Mutations

You have a pair of small horns on your head.
You are partially covered in iridescent scales. (AC +2)
Your mind is acute. (Int +2)
Your magical capacity is low. (-10% MP)


Message History

It was a scroll of magic mapping.
Grinder zaps a wand.
You resist with some effort.
As you read the scroll labeled HOOLYRR FAPRE, it crumbles to dust.
It is a scroll of enchant weapon.
Your +1 dagger of freezing glows red for a moment.
Grinder says, "Wait up."
As you read the scroll labeled CIRGHI TEPPO, it crumbles to dust.
It is a scroll of identify.
q - 2 potions of berserk rage Something hits you.
Deactivating autopickup; reactivate with Ctrl-A.
Grinder gestures at you.
You suddenly lose the ability to move!
You hear the slow hiss of a distant avalanche of sand.
Something hits you. Grinder gestures at you. Pain shoots through your body!
Something hits you.
Grinder zaps a wand.
You resist with some effort. Something hits you!!
You die...

#####
....#####
###########*
........#
#..@.5.....*
#######{#
#.########.*
# #.# #.#
*>* #
#.######.#
**,* #
#....{)..#
*,,* #
#.########
*,** # #.#
*,*
#######.#
*,*
...<....#
*,*


You could see Grinder.

Vanquished Creatures
  A necrophage (D:3)
  An orc wizard (D:3)
  A worker ant (D:4)
  A gnoll (D:3)
  10 adders
  An ooze (D:4)
  A worm (D:3)
  2 dart slugs (D:1)
  4 leopard geckos
  11 orcs
  2 goblins (D:1)
  7 hobgoblins
  3 jackals (D:1)
  7 kobolds
  4 quokkas
  A ball python (D:3)
  7 bats
  5 frilled lizards
  5 rats
74 creatures vanquished.

Vanquished Creatures (collateral kills)
  A gnoll (D:4)
  An orc (D:4)
2 creatures vanquished.

Vanquished Creatures (others)
  An adder (D:4)
1 creature vanquished.

Grand Total: 77 creatures vanquished

Notes
Turn   | Place    | Note
-------+----------+-------------------------------------------
     0 | D:1      | H0rd4k the Human Artificer began the quest for the Orb.
     0 | D:1      | Reached XP level 1. HP: 15/15 MP: 3/3
   129 | D:1      | Reached XP level 2. HP: 10/21 MP: 4/4
   433 | D:1      | Reached XP level 3. HP: 25/26 MP: 5/5
   986 | D:1      | Reached XP level 4. HP: 18/33 MP: 6/6
  1206 | D:2      | Gained mutation: You are partially covered in iridescent
                  | scales. (AC +2) [potion of mutation]
  1206 | D:2      | Gained mutation: Your magical capacity is low. (-10% MP)
                  | [potion of mutation]
  1206 | D:2      | Gained mutation: You have a pair of small horns on your
                  | head. [potion of mutation]
  1206 | D:2      | Gained mutation: Your mind is acute. (Int +2) [potion of
                  | mutation]
  1485 | D:2      | Found a white marble altar of Elyvilon.
  1563 | D:2      | Reached skill level 1 in Armour
  1664 | D:2      | Reached XP level 5. HP: 35/38 MP: 6/6
  1901 | D:3      | Noticed a necrophage
  1927 | D:3      | Killed a necrophage
  1927 | D:3      | Reached XP level 6. HP: 37/42 MP: 7/7
  2807 | D:4      | Found a shimmering altar of Xom.
  2867 | D:4      | Noticed Blork the orc
  2899 | D:5      | Entered Level 5 of the Dungeon
  3004 | D:5      | Noticed an ogre
  3044 | D:5      | Noticed Grinder
  3049 | D:5      | Paralysed by Grinder for 5 turns
  3053 | D:5      | Slain by an ogre

Skill      XL: |  1  2  3  4  5  6 |
---------------+-------------------+-----
Short Blades   | 2 3 |  3.7
Fighting       | 2 |  2.5
Armour         | 1 2 |  2.7
Dodging        | 3 |  3.0
Stealth        | |  1.7
Evocations     | |  3.6

Action                   |  1- 3 |  4- 6 || total
-------------------------+-------+-------++-------
Melee: Short sword       |    61 |       ||    61
       Dagger            |    60 |   212 ||   272
       Headbutt          |       |    29 ||    29
Evoke: Wand              |     2 |     5 ||     7
  Use: Potion            |     4 |     2 ||     6
       Scroll            |       |     3 ||     3
 Stab: Sleeping          |     1 |     4 ||     5
       Distracted        |       |     1 ||     1
  Eat: Ration            |       |     1 ||     1
       Chunk             |       |     4 ||     4
Armor: Leather armour    |    29 |    60 ||    89
Dodge: Dodged            |   106 |   127 ||   233
